[Event "Titled Tuesday Blitz July 4 Early 2023"]
[White "Palczert, Matyas"]
[Black "Kramnik, Vladimir"]
[WhiteFideId "784958"]
[BlackFideId "4101588"]
[WhiteElo "2611"]
[BlackElo "2971"]
[Result "0-1"]
[Round "7"]
[TimeControl "180+2"]
[Date "2023.07.04"]
[WhiteClock "0:00:14"]
[BlackClock "0:00:38"]
[Board "35"]

1. e4 c5 2. Nf3 e6 3. g3 Nc6 4. Bg2 Nf6 5. Nc3 Be7 6. O-O d6 7. d3 O-O 8. Nd2 Rb8 9. f4 Nd7 10. a4 a6 11. Nf3 b5 12. axb5 axb5 13. g4 b4 14. Ne2 Qb6 15. Be3 Bb7 16. Nd2 Ra8 17. Nc4 Qc7 18. Qd2 Nf6 19. g5 Rxa1 20. Rxa1 Ng4 21. f5 exf5 22. exf5 Re8 23. Bf4 Bf8 24. h3 Nge5 25. Nxe5 dxe5 26. Be3 Qc8 27. Rf1 Nd4 28. Bxd4 Bxg2 29. Kxg2 Qc6+ 30. Rf3 exd4 31. Ng3 c4 32. Ne4 c3 33. bxc3 dxc3 34. Qe1 Rc8 35. Qb1 Qd5 36. Rf2 b3 37. cxb3 c2 38. Rxc2 Qxd3 39. Rb2 Qe3 40. Rf2 Rc1 41. Qb2 Qxe4+ 0-1


[Site "https://www.chess.com"]

[Event "Titled Tuesday Blitz July 4 Early 2023"]
[White "Ibarra Jerez, Jose Carlos"]
[Black "Domingo Nunez, Ruben"]
[WhiteFideId "2226332"]
[BlackFideId "22245570"]
[WhiteElo "2896"]
[BlackElo "2610"]
[Result "1-0"]
[Round "7"]
[TimeControl "180+2"]
[Date "2023.07.04"]
[WhiteClock "0:00:26"]
[BlackClock "0:00:00"]
[Board "36"]

1. Nf3 g6 2. g3 Bg7 3. Bg2 Nf6 4. b3 d6 5. d4 O-O 6. Bb2 Nbd7 7. O-O c5 8. c4 Rb8 9. Nc3 a6 10. a4 b6 11. Qd2 Ne8 12. e4 Nc7 13. d5 b5 14. Qc2 bxc4 15. bxc4 Ne5 16. Nxe5 Bxe5 17. Nd1 Bxb2 18. Nxb2 a5 19. Nd3 Na6 20. Qc3 Nb4 21. Nf4 Bd7 22. h4 f6 23. Bh3 Bxh3 24. Nxh3 e5 25. dxe6 Qe8 26. Nf4 g5 27. hxg5 fxg5 28. Nd5 Qxe6 29. Rae1 Qe5 30. Qxe5 dxe5 31. Kg2 Kg7 32. Ne3 Nc6 33. Nf5+ Kg6 34. Rh1 h5 35. Rxh5 Rxf5 36. Reh1 Rxf2+ 37. Kxf2 Rb2+ 38. Kf3 Nd4+ 39. Kg4 Rb4 40. Rxg5+ Kf7 41. Rh7+ Kf6 42. Rh6+ Kf7 43. Rxe5 Rxc4 44. Rd5 Nc2 45. Rd7+ Ke8 46. Ra7 Ne3+ 47. Kf3 1-0


[Site "https://www.chess.com"]

[Event "Titled Tuesday Blitz July 4 Early 2023"]
[White "Pinheiro, Iung Alicio de O."]
[Black "Dardha, Daniel"]
[WhiteFideId "2104350"]
[BlackFideId "240990"]
[WhiteElo "2600"]
[BlackElo "2893"]
[Result "0-1"]
[Round "7"]
[TimeControl "180+2"]
[Date "2023.07.04"]
[WhiteClock "0:00:00"]
[BlackClock "0:01:15"]
[Board "37"]

1. d4 d5 2. Bf4 c5 3. e3 cxd4 4. exd4 Nc6 5. c3 Bf5 6. Nd2 f6 7. Ngf3 g5 8. Bg3 h5 9. h3 e6 10. Qb3 Qd7 11. Qa4 Nge7 12. Bb5 a6 13. Nf1 Nc8 14. Be2 Bd6 15. Bxd6 Nxd6 16. Ne3 Bg6 17. Qb3 b5 18. a4 Kf7 19. axb5 axb5 20. Rxa8 Rxa8 21. O-O Qa7 22. Qd1 Qa2 23. Qc1 Na5 24. Nd1 Nb3 25. Qe3 Nf5 26. Nxg5+ fxg5 27. Qxg5 Qa7 28. Bxh5 Rg8 29. Ne3 Qe7 30. Bxg6+ Rxg6 31. Qf4 Qd6 32. Qxd6 Nxd6 33. Ng4 Nc4 34. Re1 Ke7 35. f3 Rg8 36. Re2 Ra8 37. h4 b4 38. h5 Nc1 39. Re1 Nd3 40. Re2 b3 41. h6 Ndxb2 42. f4 Nd3 43. f5 b2 44. Rxe6+ Kd8 45. h7 b1=Q+ 46. Kh2 Kc7 47. Re7+ Kc6 48. Re5 Ncxe5 0-1


[Site "https://www.chess.com"]

[Event "Titled Tuesday Blitz July 4 Early 2023"]
[White "Tanaka, Taira Tyler"]
[Black "Bacrot, Etienne"]
[WhiteFideId "7002351"]
[BlackFideId "605506"]
[WhiteElo "2598"]
[BlackElo "2853"]
[Result "0-1"]
[Round "7"]
[TimeControl "180+2"]
[Date "2023.07.04"]
[WhiteClock "0:00:07"]
[BlackClock "0:00:41"]
[Board "38"]

1. e4 c5 2. Nf3 d6 3. c3 Nf6 4. Be2 Bd7 5. e5 dxe5 6. Nxe5 Nc6 7. d4 cxd4 8. cxd4 Nxe5 9. dxe5 Qa5+ 10. Nc3 Qxe5 11. O-O g6 12. Re1 Bg7 13. Bf3 Qc7 14. g3 Bc6 15. Bf4 Qd7 16. Bxc6 bxc6 17. Qe2 Nd5 18. Be5 f6 19. Bd4 e5 20. Nxd5 cxd5 21. Bc5 Kf7 22. f4 Rhe8 23. fxe5 fxe5 24. Rad1 Kg8 25. Qf3 Rad8 26. Qa3 e4 27. Qxa7 Qxa7 28. Bxa7 Bxb2 29. Bd4 Bxd4+ 30. Rxd4 Kf7 31. Kf2 Ke6 32. Rb1 Rb8 33. Rxb8 Rxb8 34. Ra4 Ke5 35. h4 Rb2+ 36. Ke3 Rg2 37. Ra7 d4# 0-1


[Site "https://www.chess.com"]

[Event "Titled Tuesday Blitz July 4 Early 2023"]
[White "Pap, Gyula"]
[Black "Ovchinnikov, Vsevolod"]
[WhiteFideId "725323"]
[BlackFideId "24176842"]
[WhiteElo "2847"]
[BlackElo "2598"]
[Result "1-0"]
[Round "7"]
[TimeControl "180+2"]
[Date "2023.07.04"]
[WhiteClock "0:00:07"]
[BlackClock "0:00:00"]
[Board "39"]

1. d4 Nf6 2. c4 c6 3. Nf3 d5 4. Nbd2 Bg4 5. Ne5 Be6 6. cxd5 Nxd5 7. Ndf3 Nd7 8. Nd3 Bf5 9. g3 e6 10. Bg2 Qa5+ 11. Bd2 Qb5 12. a4 Qb6 13. a5 Qb5 14. a6 Bxd3 15. axb7 Qxb7 16. exd3 Bb4 17. O-O O-O 18. Bc1 Be7 19. h4 Bf6 20. Re1 Rfc8 21. Ra4 Qb5 22. Rc4 Rab8 23. Ng5 Bxg5 24. hxg5 Qb3 25. Qe2 Nf8 26. Be4 Rb4 27. Kg2 Rxc4 28. dxc4 Nb6 29. Bd3 Rd8 30. Be3 Qb4 31. Rh1 g6 32. Ra1 Rd7 33. Qc2 Rb7 34. Qc3 Qxc3 35. bxc3 Nfd7 36. Ra5 Kf8 37. Bf4 Ke8 38. Bd6 Nc8 39. Bb4 Ncb6 40. f4 Rc7 41. Kf3 Rb7 42. Ke3 Rc7 43. Kd2 Rb7 44. Kc2 Rc7 45. Kb3 Rb7 46. Be4 Nb8 47. g4 Kd8 48. f5 Kc8 49. Bf3 N6d7 50. fxe6 fxe6 51. c5 Kd8 52. Kc4 Ke7 53. Ra1 Rc7 54. Rh1 Nf8 55. Be4 Rb7 56. Kd3 Ke8 57. Rf1 Rf7 58. Ra1 Rb7 59. Ba5 Ke7 60. c4 Nfd7 61. Bc3 e5 62. Rh1 exd4 63. Bxd4 Nf8 64. Bf6+ Ke8 65. Re1 Kf7 66. Bf3 Nbd7 67. Bd4 Rb3+ 68. Bc3 Nxc5+ 69. Kc2 Ra3 70. Rf1 Ke8 71. Bb4 Nfd7 72. Bxa3 1-0


[Site "https://www.chess.com"]

[Event "Titled Tuesday Blitz July 4 Early 2023"]
[White "Materia, Marco"]
[Black "Kosakowski, Jakub"]
[WhiteFideId "45150451"]
[BlackFideId "1185080"]
[WhiteElo "2590"]
[BlackElo "2839"]
[Result "1-0"]
[Round "7"]
[TimeControl "180+2"]
[Date "2023.07.04"]
[WhiteClock "0:00:16"]
[BlackClock "0:00:03"]
[Board "40"]

1. d4 Nf6 2. c4 e6 3. Nf3 d5 4. Nc3 Bb4 5. cxd5 exd5 6. Bg5 Qd6 7. a3 Bxc3+ 8. bxc3 Ne4 9. Qc1 O-O 10. e3 Bg4 11. Bf4 Qd8 12. Ne5 Be6 13. Bd3 f6 14. Nf3 Nd7 15. O-O Nb6 16. Rb1 Qd7 17. c4 Nxc4 18. Rxb7 Ned6 19. Rb3 Rab8 20. Rxb8 Rxb8 21. Nd2 Qa4 22. Nxc4 dxc4 23. Bc2 Qa5 24. e4 Nb5 25. d5 Bd7 26. e5 Nd4 27. Bd1 fxe5 28. Bxe5 Qxd5 29. Qg5 Ne6 30. Qg3 Rf8 31. Bf3 Rxf3 32. gxf3 Bc6 33. Bc3 Ng5 34. Kg2 Qf5 35. h4 Bxf3+ 36. Kh2 Ne6 37. Re1 Kf7 38. Re5 Qg4 39. Re3 Qxg3+ 40. Kxg3 Bd5 41. Re5 c6 42. f3 g6 43. h5 g5 44. Rf5+ Ke8 45. h6 a6 46. Bf6 Kf7 47. Kg4 Kg6 48. Bxg5 Nxg5 49. Rxg5+ Kf6 50. Kf4 c3 51. Rg1 c2 52. Ke3 Bb3 53. Kd2 a5 54. Rg7 a4 55. f4 c5 56. Kc1 c4 57. Rxh7 Kg6 58. Rg7+ Kxh6 59. Rg3 c3 60. f5 Kh5 61. f6 Kh6 62. Rxc3 Kg6 63. Rf3 Kf7 64. Rf1 Kf8 65. Kb2 Kf7 66. Kc3 Kg6 67. Kb4 Kf7 68. Kb5 Kg6 69. f7 Bxf7 70. Kxa4 Bc4 71. Rc1 Bd3 72. Kb4 Kf6 73. Kc3 Bf5 74. Re1 Be4 75. a4 Ke5 76. Kd2 Kd4 77. a5 Bc6 78. Kxc2 Kc5 79. Kc3 Kb5 80. Re5+ Ka6 81. Kb4 Bg2 82. Re6+ Ka7 83. a6 Bd5 84. Rh6 Be4 85. Ka5 Bd3 86. Rf6 Bc4 87. Rg6 Bd3 88. Rg7+ Kb8 89. Kb6 Bc4 90. a7+ Ka8 91. Rd7 Bd5 92. Rd8# 1-0


[Site "https://www.chess.com"]

[Event "Titled Tuesday Blitz July 4 Early 2023"]
[White "HamedWafa4"]
[Black "Svane, Frederik"]
[BlackFideId "12923044"]
[WhiteElo "2574"]
[BlackElo "2816"]
[Result "0-1"]
[Round "7"]
[TimeControl "180+2"]
[Date "2023.07.04"]
[WhiteClock "0:00:05"]
[BlackClock "0:00:06"]
[Board "41"]

1. e4 e5 2. Nf3 Nc6 3. Bb5 Nge7 4. Nc3 d6 5. d4 exd4 6. Nxd4 Bd7 7. Be3 Ng6 8. Nxc6 bxc6 9. Be2 Be7 10. O-O O-O 11. f4 Rb8 12. Rb1 a5 13. Qd2 Bf6 14. Bd4 Re8 15. Bc4 Rb4 16. b3 Be6 17. Bxf6 Qxf6 18. f5 Bxc4 19. bxc4 Ne5 20. c5 dxc5 21. Rbd1 h6 22. Qe3 Rd4 23. Ne2 Ng4 24. Qf3 Rdxe4 25. Ng3 Rd4 26. Rde1 Rxe1 27. Rxe1 Ne5 28. Qe3 Nc4 29. Qe8+ Kh7 30. Qe7 Rd6 31. Qxf6 Rxf6 32. Re7 Nd6 33. Rxc7 Nxf5 34. Nh5 Rd6 35. g4 Ne3 36. Rxf7 Rg6 37. h3 Nxc2 38. Nf4 Rg5 39. Ne6 Re5 40. Nf4 Nd4 41. Nh5 Rg5 42. Kg2 c4 43. Rf4 c5 44. Kg3 Ne2+ 45. Kf3 Nxf4 46. Nxf4 c3 47. h4 c2 48. Ne2 Rd5 0-1


[Site "https://www.chess.com"]

[Event "Titled Tuesday Blitz July 4 Early 2023"]
[White "Mamedov, Edgar"]
[Black "demon64fields"]
[WhiteFideId "13739980"]
[WhiteElo "2564"]
[BlackElo "2811"]
[Result "0-1"]
[Round "7"]
[TimeControl "180+2"]
[Date "2023.07.04"]
[WhiteClock "0:00:00"]
[BlackClock "0:01:09"]
[Board "42"]

1. c4 g6 2. g3 Bg7 3. Bg2 c5 4. Nc3 Nc6 5. Nf3 e6 6. O-O Nge7 7. e3 Nf5 8. b3 O-O 9. Bb2 d5 10. cxd5 exd5 11. Rc1 b6 12. d4 cxd4 13. Nxd5 Bb7 14. e4 Nfe7 15. Nxd4 Nxd4 16. Bxd4 Nxd5 17. Bxg7 Kxg7 18. exd5 Qd6 19. Qd4+ Kg8 20. Rfd1 Rac8 21. h4 h5 22. Rc4 Rc5 23. Rxc5 bxc5 24. Qc3 Re8 25. Rc1 Rc8 26. Qc4 Kg7 27. Re1 a6 28. Qc3+ Qf6 29. Qxf6+ Kxf6 30. d6 Bxg2 31. Kxg2 c4 32. Rc1 Ke6 33. bxc4 Kxd6 34. Kf3 Kc5 35. Rd1 Rc6 36. Rc1 a5 37. a3 Rb6 38. Kg2 Rb3 39. Rd1 Rxa3 40. Rd7 Rc3 41. Rxf7 a4 42. Rc7+ Kb4 43. Rc6 a3 0-1


[Site "https://www.chess.com"]

[Event "Titled Tuesday Blitz July 4 Early 2023"]
[White "Ismagilov, Damir"]
[Black "Kantor, Gergely"]
[WhiteFideId "34199982"]
[BlackFideId "751499"]
[WhiteElo "2563"]
[BlackElo "2810"]
[Result "0-1"]
[Round "7"]
[TimeControl "180+2"]
[Date "2023.07.04"]
[WhiteClock "0:00:01"]
[BlackClock "0:02:03"]
[Board "43"]

1. d4 Nf6 2. Bf4 Nh5 3. Bd2 Nf6 4. Bf4 g6 5. Nc3 d5 6. Qd2 c5 7. dxc5 Nc6 8. O-O-O d4 9. e3 dxc3 10. Qxc3 Bd7 11. Nf3 Bg7 12. Bc4 O-O 13. h4 Ne4 14. Qe1 Nxc5 15. h5 Qb6 16. c3 Be6 17. Bxe6 Nxe6 18. hxg6 hxg6 19. Qg1 Nxf4 20. exf4 Rfd8 21. Ng5 Rxd1+ 22. Qxd1 Qxf2 23. Qg4 Nb4 24. Kb1 Nd3 25. Rh8+ Bxh8 26. Qe2 Qxe2 27. a4 Qxb2# 0-1


[Site "https://www.chess.com"]

[Event "Titled Tuesday Blitz July 4 Early 2023"]
[White "Zavgorodniy, Sergiy"]
[Black "Stribuk, Artiom"]
[WhiteFideId "14110148"]
[BlackFideId "13515659"]
[WhiteElo "2563"]
[BlackElo "2807"]
[Result "0-1"]
[Round "7"]
[TimeControl "180+2"]
[Date "2023.07.04"]
[WhiteClock "0:00:29"]
[BlackClock "0:00:18"]
[Board "44"]

1. e4 c5 2. Nf3 d6 3. c3 Nf6 4. Bc4 g6 5. e5 dxe5 6. Nxe5 e6 7. d4 cxd4 8. cxd4 Bg7 9. O-O O-O 10. Nc3 Nbd7 11. Qe2 Nb6 12. Bb3 Qxd4 13. Bg5 h6 14. Rad1 Qb4 15. Be3 Nbd5 16. Nxd5 exd5 17. Bxd5 Nxd5 18. Rxd5 Be6 19. Rb5 Qa4 20. b3 Qa6 21. Bd4 Rad8 22. Ba1 Rfe8 23. Re1 Bd5 24. Qf1 Bc6 25. Nxc6 bxc6 26. Rxe8+ Rxe8 27. Rc5 Qxf1+ 28. Kxf1 Bxa1 0-1


[Site "https://www.chess.com"]

[Event "Titled Tuesday Blitz July 4 Early 2023"]
[White "Mendonca, Leon Luke"]
[Black "Tologon tegin, Semetei"]
[WhiteFideId "35028561"]
[BlackFideId "13800574"]
[WhiteElo "2779"]
[BlackElo "2562"]
[Result "0-1"]
[Round "7"]
[TimeControl "180+2"]
[Date "2023.07.04"]
[WhiteClock "0:00:01"]
[BlackClock "0:01:16"]
[Board "45"]

1. e4 g6 2. Nf3 Bg7 3. d4 d6 4. Be2 Nf6 5. Nc3 O-O 6. O-O a6 7. a4 Nc6 8. d5 Nb4 9. Be3 c6 10. a5 cxd5 11. exd5 Bf5 12. Nd4 Bd7 13. Bc4 Rc8 14. Bb3 Ng4 15. Bg5 h6 16. Bh4 Ne5 17. Re1 Re8 18. Qd2 Nc4 19. Bxc4 Rxc4 20. Re4 Bxd4 21. Rxd4 Rxd4 22. Qxd4 Nxc2 23. Qd1 Nxa1 24. Qxa1 Qc7 25. Qc1 Qxa5 26. h3 Qb4 27. Qxh6 Qxb2 28. Qe3 a5 29. Kh2 a4 30. Bg3 a3 31. h4 a2 32. Nxa2 Qxa2 33. h5 Qxd5 34. hxg6 Qh5+ 35. Kg1 Qxg6 0-1


[Site "https://www.chess.com"]

[Event "Titled Tuesday Blitz July 4 Early 2023"]
[White "Rustemov, Alexander"]
[Black "Estrada Nieto, Julian"]
[WhiteFideId "4119002"]
[BlackFideId "5101018"]
[WhiteElo "2776"]
[BlackElo "2562"]
[Result "1-0"]
[Round "7"]
[TimeControl "180+2"]
[Date "2023.07.04"]
[WhiteClock "0:00:25"]
[BlackClock "0:00:00"]
[Board "46"]

1. d4 d5 2. c4 dxc4 3. Nf3 Nf6 4. e3 e6 5. Bxc4 a6 6. O-O c5 7. dxc5 Bxc5 8. Qxd8+ Kxd8 9. Nc3 b5 10. Be2 Bb7 11. Ne5 Ke7 12. Nd3 Bd6 13. f3 Nbd7 14. e4 Rhd8 15. Be3 Ne5 16. Nxe5 Bxe5 17. Rac1 Rac8 18. Rfd1 Rxd1+ 19. Nxd1 Rxc1 20. Bxc1 Bd4+ 21. Kf1 Kd6 22. Ne3 Nd7 23. Nc2 Bf6 24. b3 Kc7 25. Kf2 Kb6 26. Be3+ Kc7 27. Ke1 Bc3+ 28. Kd1 Ne5 29. Nd4 Nc6 30. Nxc6 Bxc6 31. Kc2 Be1 32. Kd3 b4 33. Kc2 a5 34. Bc4 Bc3 35. a4 h6 36. Kd3 g5 37. h4 Bf6 38. h5 Be5 39. Bc5 Bd6 40. Bd4 e5 41. Be3 f6 42. Bf7 Bd7 43. Kc4 Bc6 44. Bc5 Bxc5 45. Kxc5 Bd7 46. Kd5 Bc8 47. Be8 1-0


[Site "https://www.chess.com"]

[Event "Titled Tuesday Blitz July 4 Early 2023"]
[White "Degenbaev, Aziz"]
[Black "Wagner, Dennis"]
[WhiteFideId "13802640"]
[BlackFideId "24650684"]
[WhiteElo "2561"]
[BlackElo "2731"]
[Result "1/2-1/2"]
[Round "7"]
[TimeControl "180+2"]
[Date "2023.07.04"]
[WhiteClock "0:00:15"]
[BlackClock "0:00:12"]
[Board "47"]

1. d4 d5 2. c4 e6 3. Nf3 Nf6 4. g3 Be7 5. Bg2 O-O 6. O-O dxc4 7. Qc2 a6 8. a4 Bd7 9. Rd1 Bc6 10. Nc3 b5 11. axb5 axb5 12. Rxa8 Bxa8 13. Nxb5 Bd5 14. Nc3 Nc6 15. e4 Nb4 16. Qe2 Ba8 17. Ne5 c5 18. dxc5 Qc7 19. Nxc4 Bxc5 20. Bf4 Qa7 21. Bd6 Bxd6 22. Nxd6 e5 23. h3 g6 24. Nc4 Nc6 25. Qe3 Qxe3 26. fxe3 Rb8 27. Rd2 Kg7 28. Kf2 Rb4 29. Nd6 Na5 30. Bf3 Nb3 31. Rc2 Nc5 32. Ke2 h5 33. Nd5 Bxd5 34. exd5 e4 35. Bh1 Na4 36. Rc7 Rxb2+ 37. Kd1 Nxd5 38. Rxf7+ Kh6 39. Bxe4 Nac3+ 40. Ke1 Re2+ 41. Kf1 Nxe3+ 42. Kg1 Re1+ 43. Kh2 Rd1 44. Rc7 Rd2+ 45. Kg1 Ne2+ 46. Kf2 Nxg3+ 47. Kxg3 Rxd6 48. Kf3 Nd5 49. Bxd5 Rxd5 50. Kg3 Rf5 51. Kh2 Kg5 52. Rc2 Kh4 53. Rg2 Rf4 54. Rxg6 Rf2+ 55. Rg2 Rxg2+ 56. Kxg2 Kg5 57. Kh2 h4 58. Kg2 Kf4 59. Kh2 Ke4 60. Kg2 Ke3 61. Kg1 Kf3 62. Kh2 Kf2 63. Kh1 Kg3 64. Kg1 Kxh3 65. Kh1 Kg3 66. Kg1 h3 67. Kh1 h2 1/2-1/2


[Site "https://www.chess.com"]

[Event "Titled Tuesday Blitz July 4 Early 2023"]
[White "Kourkoulos-Arditis, Stamatis"]
[Black "Rodchenkov, Sergey D."]
[WhiteFideId "4221990"]
[BlackFideId "4168712"]
[WhiteElo "2726"]
[BlackElo "2557"]
[Result "1-0"]
[Round "7"]
[TimeControl "180+2"]
[Date "2023.07.04"]
[WhiteClock "0:00:10"]
[BlackClock "0:00:03"]
[Board "48"]

1. c4 e5 2. Nc3 Nf6 3. g3 c6 4. d4 exd4 5. Qxd4 Na6 6. Bg2 Bc5 7. Qe5+ Be7 8. Nf3 O-O 9. O-O h6 10. Rd1 Re8 11. Qf4 Nc7 12. b3 d5 13. Bb2 Ne6 14. Qc1 Bc5 15. cxd5 cxd5 16. Ne5 Qb6 17. e3 Bd6 18. Nxd5 Nxd5 19. Bxd5 Bxe5 20. Bxe5 Ng5 21. Bd4 Qg6 22. h4 Ne4 23. Qc7 Bg4 24. Rdc1 Nd2 25. Qf4 Qh5 26. Bxf7+ Qxf7 27. Qxg4 Re4 28. Qe2 Nf3+ 29. Kg2 Nxd4 30. Qc4 Rf8 31. exd4 Kh7 32. Qxf7 Rxf7 33. Re1 Rxd4 34. Rad1 Rb4 35. Re5 Rb6 36. h5 Rbf6 37. Rd2 Ra6 38. f4 Rc6 39. Kh3 Rc1 40. Kg4 Rc6 41. Rf5 Re7 42. Re5 Rf7 43. Red5 g6 44. hxg6+ Rxg6+ 45. Kh3 Rfg7 46. R2d3 Re6 47. Rd7 Ree7 48. Rxe7 Rxe7 49. Kg4 Kg6 50. Rd6+ Kg7 51. Kf5 Rc7 52. Ke6 Rc3 53. Rd7+ Kg6 54. f5+ Kg5 55. Rg7+ Kh5 56. Rxb7 Re3+ 57. Kf6 Rxg3 58. Rxa7 Rc3 59. Rg7 Rc6+ 60. Ke5 Rc5+ 61. Ke6 Ra5 62. f6 Ra6+ 63. Kf7 Ra7+ 64. Kg8 Ra8+ 65. Kh7 Rf8 66. f7 Kh4 67. Kxh6 Rh8+ 68. Kg6 Rf8 69. Rg8 1-0


[Site "https://www.chess.com"]

[Event "Titled Tuesday Blitz July 4 Early 2023"]
[White "Bauman_Guy"]
[Black "Trifan, Andrei Ioan"]
[BlackFideId "12967068"]
[WhiteElo "2719"]
[BlackElo "2543"]
[Result "1-0"]
[Round "7"]
[TimeControl "180+2"]
[Date "2023.07.04"]
[WhiteClock "0:00:16"]
[BlackClock "0:00:00"]
[Board "49"]

1. e4 e5 2. Nf3 Nc6 3. Bb5 a6 4. Ba4 Nf6 5. O-O Be7 6. d3 b5 7. Bb3 d6 8. a4 b4 9. a5 O-O 10. Nbd2 h6 11. Nc4 Be6 12. Be3 Nd7 13. Ba4 Na7 14. Nfd2 c5 15. f4 exf4 16. Bxf4 Qc7 17. Qf3 Ne5 18. Bxe5 dxe5 19. Nb6 Rad8 20. Bb3 Nc6 21. Bxe6 fxe6 22. Qg4 Nd4 23. c3 bxc3 24. bxc3 h5 25. Qxh5 Nb5 26. Qg6 Rf6 27. Qg4 Qc6 28. c4 Nd4 29. Rxf6 Bxf6 30. Rf1 Rf8 31. h4 Qe8 32. h5 Kh7 33. Nf3 Nxf3+ 34. Rxf3 Rh8 35. h6 Qg6 36. Qxg6+ Kxg6 37. Nd7 Rxh6 38. Nxc5 Rh8 39. Nxe6 Rb8 40. c5 Rb1+ 41. Kh2 Rc1 42. Rf5 Kf7 43. Ng5+ Ke7 44. Nf3 Ke6 45. d4 exd4 46. Rd5 d3 47. Kg3 Rc3 48. Kf4 Rc2 49. g4 Be7 50. Nd4+ Kf7 51. c6 Rc1 52. Nf5 Rxc6 53. Rd7 Re6 54. Rxd3 Bb4 55. Rd7+ Kf8 56. Nxg7 Bd2+ 57. Kf5 Rc6 58. Ne6+ Ke8 59. e5 Bxa5 60. Ra7 Bc3 61. g5 a5 62. g6 Rxe6 63. Kxe6 Kf8 64. Kf6 Bxe5+ 65. Kxe5 a4 66. Kf6 1-0


[Site "https://www.chess.com"]

[Event "Titled Tuesday Blitz July 4 Early 2023"]
[White "Shubenkova, Veronika"]
[Black "Panesar Vedant"]
[WhiteFideId "44124040"]
[BlackFideId "35033018"]
[WhiteElo "2518"]
[BlackElo "2712"]
[Result "0-1"]
[Round "7"]
[TimeControl "180+2"]
[Date "2023.07.04"]
[WhiteClock "0:00:10"]
[BlackClock "0:00:22"]
[Board "50"]

1. e4 e6 2. d4 d5 3. exd5 exd5 4. Nf3 Nf6 5. Bd3 Bd6 6. O-O O-O 7. Bg5 Bg4 8. c3 Nbd7 9. Nbd2 Re8 10. Qc2 h6 11. Bh4 c6 12. Rae1 Qc7 13. h3 Bxf3 14. Nxf3 g5 15. Bg3 Bxg3 16. fxg3 Qxg3 17. Bf5 Kg7 18. Bxd7 Nxd7 19. Qf5 Rxe1 20. Nxe1 Qe3+ 21. Kh1 Qe6 22. Qf3 Re8 23. Nd3 Qf6 24. Qd1 Qg6 25. Qf3 Re4 26. Nf2 Rf4 27. Qe2 Qe6 28. Qd2 Nf6 29. Kg1 Ne4 30. Nxe4 Rxf1+ 31. Kxf1 dxe4 32. b3 f5 33. c4 Qd6 34. Ke2 Qg3 35. Kd1 e3 36. Qd3 Qf2 37. d5 cxd5 38. cxd5 Qxg2 39. d6 e2+ 40. Kd2 Qf2 41. Qc3+ Kg6 0-1


[Site "https://www.chess.com"]

[Event "Titled Tuesday Blitz July 4 Early 2023"]
[White "Yeritsyan, Hayk"]
[Black "Klekowski, Maciej"]
[WhiteFideId "13307320"]
[BlackFideId "1132717"]
[WhiteElo "2498"]
[BlackElo "2709"]
[Result "0-1"]
[Round "7"]
[TimeControl "180+2"]
[Date "2023.07.04"]
[WhiteClock "0:00:03"]
[BlackClock "0:00:12"]
[Board "51"]

1. d4 Nf6 2. Nf3 d6 3. Bf4 Nbd7 4. h3 g6 5. e3 Bg7 6. c3 O-O 7. Be2 Qe8 8. O-O e5 9. Bh2 Qe7 10. Na3 Rd8 11. Nc4 e4 12. Nfd2 Nf8 13. Rc1 h5 14. b4 Bf5 15. a4 N8h7 16. Na5 Rab8 17. c4 Ng5 18. Re1 Qd7 19. Bf1 b6 20. Nab3 Qxa4 21. b5 a5 22. bxa6 Qxa6 23. c5 b5 24. cxd6 cxd6 25. Ra1 Qb6 26. Qc2 Nd5 27. Rec1 Rdc8 28. Qb2 Ne6 29. Na5 Nxd4 30. exd4 Bxd4 31. Qb3 Rxc1 32. Rxc1 Qxa5 33. Nc4 Qa4 34. Qxa4 bxa4 35. Nxd6 Rb2 36. Nxf5 gxf5 37. Bc4 Bxf2+ 38. Kh1 Ne3 39. Bb5 a3 40. Be5 Rc2 41. Ra1 a2 42. Ba4 Re2 43. Bb3 Re1+ 44. Rxe1 Bxe1 45. Bxa2 Bf2 46. Bb1 Kh7 47. Bf4 h4 48. g4 hxg3 49. Bxe3 Bxe3 50. Kg2 Bf2 51. h4 Kg6 52. Ba2 f4 53. Bb1 f5 54. Ba2 Kh5 55. Be6 Kg4 56. h5 f3+ 57. Kf1 Be3 58. h6 g2+ 59. Ke1 g1=Q# 0-1


[Site "https://www.chess.com"]

[Event "Titled Tuesday Blitz July 4 Early 2023"]
[White "Eynullayev, Atilla"]
[Black "Suyarov, Mukhammadzokhid"]
[WhiteFideId "13413570"]
[BlackFideId "14210495"]
[WhiteElo "2493"]
[BlackElo "2708"]
[Result "0-1"]
[Round "7"]
[TimeControl "180+2"]
[Date "2023.07.04"]
[WhiteClock "0:00:01"]
[BlackClock "0:02:09"]
[Board "52"]

1. e4 e6 2. d3 d5 3. Nd2 c5 4. Ngf3 Nc6 5. g3 Nf6 6. Bg2 Be7 7. O-O O-O 8. Re1 b5 9. c3 a5 10. e5 Nd7 11. Nf1 Ba6 12. h4 b4 13. h5 Re8 14. h6 g6 15. N1h2 a4 16. a3 bxc3 17. bxc3 Qa5 18. Qc2 Rab8 19. Ng4 Rb3 20. Bd2 Qb5 21. Bf1 Rb2 22. Qc1 Qb3 23. Bg5 Bf8 24. Qf4 Qxc3 25. Rec1 Rc2 26. Rxc2 Qxc2 27. Rc1 Qb2 28. Nf6+ Nxf6 29. Bxf6 Qxa3 30. Rd1 Qb3 31. Rd2 Qb4 32. Ra2 Qxf4 33. gxf4 Bb5 34. Rb2 Nb4 35. d4 a3 36. Rb3 Bxf1 37. Kxf1 Ra8 38. dxc5 0-1


[Site "https://www.chess.com"]

[Event "Titled Tuesday Blitz July 4 Early 2023"]
[White "Czopor, Maciej"]
[Black "Vaibhav Jayant Raut"]
[WhiteFideId "21805431"]
[BlackFideId "5089034"]
[WhiteElo "2703"]
[BlackElo "2639"]
[Result "1-0"]
[Round "7"]
[TimeControl "180+2"]
[Date "2023.07.04"]
[WhiteClock "0:01:15"]
[BlackClock "0:01:04"]
[Board "53"]

1. c4 c5 2. Nc3 Nc6 3. Nf3 e5 4. e3 Nf6 5. Nd5 d6 6. d3 Nxd5 7. cxd5 Ne7 8. e4 g6 9. Be2 Bg7 10. O-O O-O 11. a4 b6 12. Nd2 a6 13. Nc4 Rb8 14. Bd2 f5 15. Bc3 f4 16. Bg4 a5 17. h3 h5 18. Bxc8 Nxc8 19. g4 Qh4 20. Qf3 Rd8 21. Ra3 Ne7 22. Rb3 Nc8 23. Bxa5 Ra8 24. Bxb6 Nxb6 25. Rxb6 Rxa4 26. Rxd6 Rxd6 27. Nxd6 Bf8 28. Nc4 Be7 29. Kg2 Rb4 30. Ra1 Qf6 31. gxh5 gxh5 32. Ra8+ Bf8 33. Qxh5 Qg7+ 34. Qg4 Qxg4+ 35. hxg4 Rb3 36. Nxe5 Rxb2 37. Ng6 Kg7 38. Nxf8 c4 39. dxc4 Kf6 40. Ne6 Ke5 41. Rf8 Kxe4 42. Rxf4+ Ke5 43. Rf5+ Ke4 44. d6 Rd2 45. Rd5 Rxf2+ 46. Kg3 Rf3+ 47. Kh4 Rf7 48. d7 Rh7+ 49. Kg5 Rxd7 50. Rxd7 Kf3 51. c5 Kg2 52. c6 Kh3 53. Nf4+ Kh2 54. Rd3 Kg1 55. Rd2 Kf1 56. Nd3 Kg1 57. Rf2 Kh1 58. Kh4 Kg1 59. Kg3 Kh1 60. Rf1# 1-0


[Site "https://www.chess.com"]

[Event "Titled Tuesday Blitz July 4 Early 2023"]
[White "Chor, Kevin"]
[Black "Papasimakopoulos, Alexandros"]
[WhiteFideId "2090740"]
[BlackFideId "4244125"]
[WhiteElo "2477"]
[BlackElo "2697"]
[Result "1-0"]
[Round "7"]
[TimeControl "180+2"]
[Date "2023.07.04"]
[WhiteClock "0:00:12"]
[BlackClock "0:00:19"]
[Board "54"]

1. e4 e6 2. d4 d5 3. Nd2 Nf6 4. e5 Nfd7 5. Bd3 c5 6. c3 b5 7. Ne2 b4 8. O-O bxc3 9. bxc3 Ba6 10. Bxa6 Nxa6 11. f4 g6 12. Nf3 cxd4 13. cxd4 Be7 14. Qa4 Qc8 15. Ba3 Qc4 16. Qxc4 dxc4 17. Bxe7 Kxe7 18. Nc3 Rab8 19. d5 exd5 20. Nxd5+ Kf8 21. Ng5 h6 22. Ne4 Nac5 23. Nd6 Kg7 24. Nxc4 Rhc8 25. Nd6 Rc6 26. Rab1 Rxb1 27. Rxb1 Ra6 28. Rb2 Ra3 29. g3 g5 30. Nf5+ Kh7 31. Re2 Rd3 32. Nf6+ Nxf6 33. exf6 gxf4 34. gxf4 Kg6 35. Ng3 Kxf6 36. Kg2 Rd4 37. Kf3 Ra4 38. Rb2 Rxf4+ 39. Ke3 Ra4 40. Rc2 Ra3+ 41. Kd4 Ne6+ 42. Kc4 Kg5 43. Ne4+ Kg4 44. Nd6 Ng5 45. Kd5 f5 46. Kc5 f4 47. Nc4 Rd3 48. Ne5+ Kh3 49. Nxd3 f3 50. Kd4 Kg4 51. Ke3 Kh3 52. Ne5 f2 53. Rxf2 Ne6 54. Ke4 Nc5+ 55. Kd5 Na4 56. Nf7 Nc3+ 57. Ke6 Ne4 58. Re2 Nc3 59. Re3+ Kxh2 60. Rxc3 h5 61. Kf5 h4 62. Kg4 Kg2 63. Kxh4 Kf2 64. Rc7 Ke3 65. Rxa7 Kd4 66. Rc7 Kd5 67. a4 Ke6 68. a5 Kf5 69. a6 Kf6 70. a7 Kg7 71. a8=Q Kh7 72. Qc6 Kg8 73. Ne5 Kf8 74. Qf6+ Ke8 75. Qe7# 1-0


[Site "https://www.chess.com"]